 Dungeon Crawl Stone Soup version 0.26.1-2-gb8aa6d0cf2 (webtiles) character file.

Game seed: 9808733152105934934

137 Gadfly the Skirmisher (level 5, -2/54 HPs)
             Began as an Ogre Monk on Feb 12, 2021.
             Slain by a goblin
             ... wielding a +0 club
             ... led by Robin
              (9 damage)
             ... on level 3 of the Dungeon.
             The game lasted 00:04:20 (2849 turns).

Gadfly the Skirmisher (Ogre Monk)                   Turns: 2849, Time: 00:04:22

Health: -2/54      AC:  3    Str: 16    XL:     5   Next: 20%
Magic:  6/6        EV: 10    Int: 11    God:
Gold:   129        SH:  0    Dex: 11    Spells: 4/4 levels left

rFire    . . .     SeeInvis .   b - +2 dagger (drain)
rCold    + . .     Faith    .   (no shield)
rNeg     . . .     Spirit   .   d - +0 robe
rPois    .         Reflect  .   (helmet restricted)
rElec    .         Harm     .   (no cloak)
rCorr    .         Rampage  .   (gloves unavailable)
Will     .....                  (boots unavailable)
Stlth    ++........             (no amulet)
HPRegen  0.18/turn              g - ring of protection from cold
MPRegen  0.10/turn              (no ring)

@: no status effects
A: large, unfitting armour, tough skin 1
a: no special abilities


You were on level 3 of the Dungeon.
You visited 1 branch of the dungeon, and saw 3 of its levels.

You collected 129 gold pieces.

Inventory:

Hand Weapons
 a - a +0 mace
 b - a +2 dagger of draining (weapon)
Missiles
 c - 65 stones (quivered)
 l - 4 boomerangs of dispersal
Armour
 d - a +0 robe (worn)
Jewellery
 g - a ring of protection from cold (left hand)
Wands
 o - a wand of polymorph (7)
Scrolls
 h - 2 scrolls of fog
 i - a scroll of remove curse
 k - a scroll of amnesia {unknown}
 n - a scroll of enchant weapon {unknown}
Potions
 e - a potion of might
 f - 2 potions of heal wounds
 j - a potion of resistance
 m - 2 potions of degeneration {unknown}
 p - a potion of mutation {unknown}


   Skills:
 - Level 4.0 Fighting
 + Level 3.0 Maces & Flails
 * Level 1.9 Throwing
 * Level 1.5 Armour
 - Level 2.6 Dodging
 - Level 1.4 Stealth
 * Level 2.0 Invocations
 * Level 1.6 Evocations


You had 4 spell levels left.
You didn't know any spells.
Your spell library was empty.

Dungeon Overview and Level Annotations

Branches:
Dungeon (3/15)

Altars:
Qazlal

Annotations:
D:3 Robin


Innate Abilities, Weirdness & Mutations

You are too large for most types of armour.
You have tough skin. (AC +1)


Message History

The goblin barely misses you. The goblin hits you with a +0 club.
* * * LOW HITPOINT WARNING * * *
The goblin no longer looks unusually strong.
The goblin no longer looks unusually strong.
The hobgoblin no longer looks unusually strong.
The hobgoblin no longer looks unusually strong.
Robin throws the goblin at you! The goblin closely misses you.
The goblin hits you with a +0 club.
* * * LOW HITPOINT WARNING * * *
The goblin hits you but does no damage.
The goblin no longer looks unusually strong. x2
The hobgoblin no longer looks unusually strong.
You hit the goblin.
The goblin is heavily wounded.
The goblin no longer looks unusually strong.
Robin roars a battlecry!
The goblins go into a battle-frenzy!
The goblin hits you with a +0 club!
You die...

...###.#.#.#.###.#.########
#.###'.#.#)#.#.#.#.#
.###.#.#...#<....#+####
#.#..#.....#.###......#
##.#.#.....#..........#
#.#..#.#.#............#
.###.#.#.#.#####......#
#.###'†#...........####
..###.......###@###
###+##)......# #g#
.............###g#
#.###..........gg#
#...............g#
#####..........gg#
#..........g.#
#...........r#
#............####


You could see Robin, 3 hobgoblins, 4 goblins and a rat.

Vanquished Creatures
  Ijyb (D:3)
  A worker ant (D:2)
  4 adders
  2 oozes
  A dart slug (D:2)
  2 leopard geckos
  8 goblins
  7 hobgoblins
  3 kobolds
  2 quokkas (D:3)
  6 bats
  3 frilled lizards (D:1)
  A rat (D:2)
41 creatures vanquished.

Notes
Turn   | Place    | Note
-------+----------+-------------------------------------------
     0 | D:1      | Gadfly the Ogre Monk began the quest for the Orb.
     0 | D:1      | Reached XP level 1. HP: 24/24 MP: 1/1
   263 | D:1      | Reached XP level 2. HP: 23/32 MP: 2/2
  1019 | D:1      | Reached skill level 1 in Throwing
  1019 | D:1      | Reached skill level 1 in Invocations
  1088 | D:1      | Reached XP level 3. HP: 37/39 MP: 3/3
  1366 | D:2      | Reached skill level 1 in Armour
  1366 | D:2      | Reached skill level 1 in Evocations
  1581 | D:2      | Reached XP level 4. HP: 37/48 MP: 3/5
  2025 | D:2      | Found a stormy altar of Qazlal.
  2680 | D:3      | Noticed Ijyb
  2719 | D:3      | Killed Ijyb
  2720 | D:3      | Reached XP level 5. HP: 54/54 MP: 6/6
  2828 | D:3      | Noticed Robin
  2849 | D:3      | Slain by a goblin

Illustrated notes

Levels and vault maps discovered:
D:1:      dpeg_arrival_three_same_balls, layout_basic, chequers_mini_garden
D:2:      layout_loops_ring, nicolae_qazlal_eye_of_the_storm,
          minmay_split_cup_large
D:3:      layout_basic, roderic_cross_of_infinity, uniq_robin, uniq_grinder,
          uniq_ijyb, uniq_sigmund

Skill      XL: |  1  2  3  4 |
---------------+-------------+-----
Throwing       | 1 |  1.9
Invocations    | 1 2 |  2.0
Armour         | 1 |  1.5
Evocations     | 1 |  1.6
Maces & Flails | 3 |  3.0
Fighting       | |  4.0
Dodging        | |  2.6
Stealth        | |  1.4

Action                   |  1- 3 |  4- 6 || total
-------------------------+-------+-------++-------
Melee: Mace              |    63 |       ||    63
       Dagger            |    15 |    84 ||    99
  Use: Scroll            |     2 |     3 ||     5
       Potion            |       |     1 ||     1
 Stab: Sleeping          |     3 |     2 ||     5
Armor: Robe              |    14 |    32 ||    46
       Skin              |       |     3 ||     3
Dodge: Dodged            |    44 |    60 ||   104
